 Dungeon Sprint DCSS version 0.21.1-1-g345015f (webtiles) character file.

3700000 Fang the Axe Maniac (level 22, -1/233 HPs)
             Began as a Minotaur Gladiator on May 29, 2018.
             Was the Champion of Makhleb.
             Slain by The Servant
             ... wielding a +9 glaive of flaming
              (4 damage)
             ... in the Dungeon (Sprint VIII: "Arena of Blood").
             The game lasted 00:00:36 (37 turns).

Fang the Axe Maniac (Minotaur Gladiator)              Turns: 37, Time: 00:00:37

Health: -1/233     AC:  6    Str: 27    XL:     22   Next: 43%
Magic:  20/52      EV: 31    Int:  5    God:    Makhleb [******]
Gold:   0          SH:  0    Dex: 14    Spells: 75/75 levels left

rFire    . . .     SeeInvis .   l - +∞ Axe of Woe
rCold    . . .     Gourm    .   (shield currently unavailable)
rNeg     . . .     Faith    .   b - +0 leather armour
rPois    .         Spirit   .   c - +0 hat
rElec    .         Reflect  .   (no cloak)
rCorr    .         Harm     .   (no gloves)
MR       +....     NoTele   +   (no boots)
Stlth    +++++++++.             (no amulet)
HPRegen  0.48/turn              (no ring)
MPRegen  0.33/turn              (no ring)

@: no status effects
A: retaliatory headbutt, horns 2
a: Minor Destruction, Lesser Servant of Makhleb, Major Destruction, Greater
Servant of Makhleb, Renounce Religion


You were in the Dungeon.
You worshipped Makhleb.
Makhleb was exalted by your worship.
You were not hungry.

You visited 1 branch

Inventory:

Hand Weapons
 a - a +0 war axe
 l - the +∞ Axe of Woe (weapon)
   (You found it in the Dungeon)
Missiles
 d - 3 throwing nets (quivered)
Armour
 b - a +0 leather armour (worn)
 c - a +0 hat (worn)
Scrolls
 k - a scroll of blinking
Potions
 e - a potion of curing
 g - a potion of heal wounds
 h - a potion of haste
 i - 2 potions of magic
 j - a potion of berserk rage
Comestibles
 f - a ration


   Skills:
 O Level 27 Fighting
 O Level 27 Axes
 O Level 27 Throwing
 O Level 27 Armour
 O Level 27 Dodging
 O Level 27 Stealth
 O Level 27 Unarmed Combat
 O Level 27 Spellcasting
 O Level 27 Invocations


You had 75 spell levels left.
You didn't know any spells.

Dungeon Overview and Level Annotations

Branches:
Dungeon (1/1)

Altars:
Makhleb

Annotations:
D The Servant


Innate Abilities, Weirdness & Mutations

You reflexively headbutt those who attack you in melee.
You have a pair of horns on your head.


Message History

The Servant hits you from afar with a +9 glaive of flaming!!!!
The Servant burns you!
You hear two shouts!
You are too injured to fight recklessly!
Unknown command.
You are too injured to fight recklessly!
Unknown command.
You are too injured to fight recklessly!
Unknown command.
Unknown command.
You hear a shout! x2
The destroyer blinks!
You hear a shout!
A large bag of meat comes into view. It is wielding a +9 giant spiked club.
Unknown command.
You hear a shout! x2
The Servant hits you from afar with a +9 glaive of flaming!!!!
* * * LOW HITPOINT WARNING * * *
The Servant burns you.
You die...

..... ... #...
..# . #... ..# .
..###... ..###..
......###......
.....o_......
#).)).# #V)@)_#
#))).o#
...O.@_).......
O.....###.......
..###.o. ..###..
. #... ..# .
#o.. ..# O...o
... ....


You could see The Servant, a destroyer, 2 large bags of meat, a meat berserker
(berserk) and 4 bags of meat.

Vanquished Creatures
  2 vampire knights (D)
  8 ogres (D)
  19 orcs (D)
29 creatures vanquished.

Notes
Turn   | Place    | Note
-------+----------+-------------------------------------------
     0 | D        | Found the +∞ Axe of Woe
     0 | D        | Fang the Minotaur Gladiator began the quest for the Orb.
     0 | D        | Reached XP level 1. HP: 18/18 MP: 0/0
     4 | D        | Became a worshipper of Makhleb the Destroyer
     5 | D        | Noticed a bag of meat
     6 | D        | Noticed a meat berserker
     7 | D        | Noticed a bag of meat
     8 | D        | Noticed a meat berserker
     8 | D        | Noticed a meat berserker
     9 | D        | Noticed a bag of meat
     9 | D        | Noticed a bag of meat
    11 | D        | Noticed a bag of meat
    11 | D        | Killed a meat berserker
    11 | D        | Reached XP level 2. HP: 47/47 MP: 1/1
    11 | D        | Reached XP level 3. HP: 53/53 MP: 2/2
    11 | D        | Reached XP level 4. HP: 61/61 MP: 3/3
    11 | D        | Reached XP level 5. HP: 68/68 MP: 4/4
    11 | D        | Reached XP level 6. HP: 75/75 MP: 5/5
    11 | D        | Reached XP level 7. HP: 82/82 MP: 6/6
    11 | D        | Reached XP level 8. HP: 90/90 MP: 7/7
    11 | D        | Reached XP level 9. HP: 96/96 MP: 8/8
    11 | D        | Reached XP level 10. HP: 104/104 MP: 9/9
    11 | D        | Reached XP level 11. HP: 111/111 MP: 10/10
    11 | D        | Reached XP level 12. HP: 118/118 MP: 11/11
    11 | D        | Reached XP level 13. HP: 125/125 MP: 12/12
    12 | D        | Killed a meat berserker
    12 | D        | Reached * piety under Makhleb
    12 | D        | Reached XP level 14. HP: 67/138 MP: 13/13
    12 | D        | Killed a meat berserker
    12 | D        | Reached skill level 27 in Axes
    12 | D        | Reached skill level 5 in Armour
    12 | D        | Reached skill level 27 in Dodging
    12 | D        | Reached XP level 15. HP: 155/155 MP: 14/14
    13 | D        | Noticed a meat berserker
    13 | D        | Noticed a meat berserker
    14 | D        | Reached ** piety under Makhleb
    16 | D        | Killed a meat berserker
    16 | D        | Reached skill level 27 in Fighting
    16 | D        | Reached XP level 16. HP: 154/183 MP: 15/15
    17 | D        | Noticed a meat berserker
    18 | D        | Reached *** piety under Makhleb
    18 | D        | Reached skill level 27 in Throwing
    18 | D        | Reached XP level 17. HP: 162/191 MP: 16/16
    19 | D        | Killed a meat berserker
    20 | D        | Noticed a meat berserker
    20 | D        | Killed a meat berserker
    20 | D        | Reached skill level 27 in Armour
    20 | D        | Reached XP level 18. HP: 200/200 MP: 17/17
    21 | D        | Reached **** piety under Makhleb
    22 | D        | Reached skill level 15 in Unarmed Combat
    22 | D        | Reached skill level 10 in Spellcasting
    23 | D        | Reached skill level 15 in Invocations
    24 | D        | Noticed a meat berserker
    24 | D        | Reached skill level 15 in Stealth
    24 | D        | Reached XP level 19. HP: 207/207 MP: 17/34
    25 | D        | Reached ***** piety under Makhleb
    25 | D        | Reached skill level 15 in Spellcasting
    26 | D        | Killed a meat berserker
    26 | D        | Reached XP level 20. HP: 216/216 MP: 17/40
    29 | D        | Noticed a destroyer
    29 | D        | Noticed a destroyer
    30 | D        | Noticed The Servant
    30 | D        | Killed a meat berserker
    30 | D        | Reached skill level 27 in Unarmed Combat
    31 | D        | Noticed a destroyer
    31 | D        | Reached ****** piety under Makhleb
    31 | D        | Reached XP level 21. HP: 224/224 MP: 18/43
    31 | D        | Reached skill level 27 in Invocations
    32 | D        | Noticed a large bag of meat
    32 | D        | Killed a destroyer
    32 | D        | Reached skill level 27 in Stealth
    34 | D        | Reached skill level 27 in Spellcasting
    34 | D        | Reached XP level 22. HP: 233/233 MP: 19/52
    35 | D        | Killed a destroyer
    37 | D        | Noticed a large bag of meat
    37 | D        | HP: 3/233 [The Servant/+9 glaive of flaming (105)]
    37 | D        | Slain by The Servant

Skill      XL: |  1  2  3  4  5  6  7  8  9 10 11 12 13 14 15 16 17 18 19 20 21 |
---------------+----------------------------------------------------------------+-----
Fighting       | 14 16 20 27 | 27.0
Axes           | 23 26 27 | 27.0
Throwing       | 11 13 16 23 27 | 27.0
Dodging        | 21 24 27 | 27.0
Armour         | 2 5 11 17 27 | 27.0
Stealth        | 15 21 24 27 | 27.0
Unarmed Combat | 18 24 27 | 27.0
Spellcasting   | 12 17 19 27 | 27.0
Invocations    | 16 22 26 27 | 27.0

Action                   |  1- 3 |  4- 6 |  7- 9 | 10-12 | 13-15 | 16-18 | 19-21 | 22-24 || total
-------------------------+-------+-------+-------+-------+-------+-------+-------+-------++-------
Melee: Executioner's axe |     1 |       |       |       |     3 |     7 |     8 |     1 ||    20
Dodge: Dodged            |       |       |       |       |       |       |     1 |       ||     1
